 Dungeon Crawl Stone Soup version 0.19-a0-957-gf4ea323 (webtiles) character file.

455472 Ijustatesigmund the Victor of a Thousand Battles (level 22, -7/185 HPs)
             Began as a Demonspawn Gladiator on July 1, 2016.
             Was the Champion of Okawaru.
             Mangled by a spark wasp (16 damage)
             ... while paralysed by a great orb of eyes
             ... on level 2 of the Depths on July 10, 2016.
             The game lasted 04:20:25 (45147 turns).

Ijustatesigmund (DsGl)                             Turns: 45147, Time: 04:20:26

Health: -7/185     AC: 34    Str: 19    XL:     22   Next: 97%
Magic:  36/36      EV:  2    Int: 12    God:    Okawaru [******]
Gold:   2660       SH:  0    Dex: 22    Spells: 9 memorised, 6 levels left

rFire  + . .     SeeInvis .     b - +7 scimitar (vamp)
rCold  + + .     Gourm    .     Z - +7 Kryia's mail coat {DeviceHeal*2 rC+}
rNeg   . . .     Faith    .     p - +2 shield "Raraedgh" {*Drain rPois Dex+4}
rPois  +         Spirit   .     J - +2 hat {MR+}
rElec  .         Dismiss  .     n - +2 cloak
rCorr  .         Reflect  .     (gloves unavailable)
SustAt .         Harm     .     m - +2 pair of boots
MR     ++...                    C - amulet of regeneration
Stlth  ++........               W - +6 ring of slaying
                                H - +5 ring of protection

@: paralysed, studying 2 skills, repel missiles, very resistant to hostile
enchantments, unstealthy
A: claws 3, icy blue scales 3, demonic guardian 3, fire resistance 1, powered by
death 3, flame cloud immunity
a: Heroism, Finesse, Renounce Religion
}: 3/15 runes: serpentine, barnacled, silver


You were on level 2 of the Depths.
You worshipped Okawaru.
Okawaru was exalted by your worship.
You were not hungry.

You visited 9 branches of the dungeon, and saw 42 of its levels.
You visited the Abyss 1 time.
You also visited: Labyrinth, Ossuary, Ice Cave, Volcano and Wizlab.

You collected 5840 gold pieces.
You spent 3180 gold pieces at shops.

Inventory:

Hand Weapons
 b - a +7 vampiric scimitar (weapon)
 q - the +6 scimitar of Flaming Death {sticky flame, rPois rF++ rC- MR+}
   (You found it on level 3 of the Elven Halls)

   It has been specially enchanted to burn those struck by it, causing extra
   injury to most foes and up to half again as much damage against particularly
   susceptible opponents.
   Big, fiery blades are also staple armaments of hydra-hunters.
   It greatly protects you from fire.
   It makes you vulnerable to cold.
   It protects you from poison.
   It affects your resistance to hostile enchantments.
 I - a +9 demon blade of chaos
Missiles
 N - 14 javelins of penetration (quivered)
Armour
 m - a +2 pair of boots (worn)
 n - a +2 cloak (worn)
 p - the +2 shield "Raraedgh" (worn) {*Drain rPois Dex+4}
   (Okawaru gifted it to you on level 1 of the Snake Pit)

   It affects your dexterity (+4).
   It protects you from poison.
   It causes draining when unequipped.
 s - the +2 shield of the Vaults {rF+}
   (You found it on level 1 of the Depths)

   It protects you from fire.
 J - a +2 hat of magic resistance (worn)
 Z - the +7 Kryia's mail coat (worn) {DeviceHeal*2 rC+}
   (You bought it in a shop on level 2 of the Orcish Mines)

   It protects you from cold.
Jewellery
 C - an amulet of regeneration (around neck)
 H - a +5 ring of protection (left claw)
 R - an uncursed ring of protection from fire
 S - an uncursed ring of resist corrosion
 V - the ring "Nihu Xir" {Ice Int+3 Slay+2 Stlth+}
   (You took it off a deep elf annihilator on level 3 of the Elven Halls)

   [ring of ice]

   It enhances your ice magic, and weakens your fire magic.
   It affects your intelligence (+3).
   It affects your accuracy and damage with ranged weapons and melee attacks
   (+2).
   It makes you vulnerable to fire.
   It protects you from cold.
   It makes you more stealthy.
 W - a +6 ring of slaying (right claw)
Wands
 t - a wand of heal wounds (8/9)
 z - a wand of lightning (6/15)
 M - a wand of acid (6/15)
 P - a wand of hasting (5/9)
 Q - a wand of teleportation (7/9)
Scrolls
 a - 9 scrolls of identify
 o - a scroll of enchant armour
 v - 28 scrolls of remove curse
 w - 5 scrolls of blinking
 y - 6 scrolls of fog
 A - 5 scrolls of teleportation
 B - 7 scrolls of recharging
 L - 2 scrolls of silence
 X - 2 scrolls of summoning
 Y - 8 scrolls of fear
Potions
 c - 2 potions of cure mutation
 d - a potion of ambrosia
 e - 3 potions of agility
 h - 4 potions of flight
 i - 5 potions of might
 j - 6 potions of heal wounds
 l - 3 potions of magic
 r - 7 potions of brilliance
 u - 14 potions of curing
 D - 4 potions of invisibility
 E - 4 potions of resistance
Books
 G - a manual of Invocations
 U - a manual of Fighting
Miscellaneous
 O - a phantom mirror
Comestibles
 f - 17 bread rations
 g - 15 meat rations


   Skills:
 + Level 18.5 Fighting
 + Level 18.7 Long Blades
 - Level 8.5 Throwing
 - Level 13.2 Armour
 - Level 11.6 Dodging
 - Level 5.1 Stealth
 - Level 12.0 Shields
 - Level 2.4 Spellcasting
 - Level 4.1 Charms
 - Level 10.3 Summonings
 - Level 10.4 Translocations
 - Level 6.0 Air Magic
 + Level 21.2 Invocations
 - Level 6.2 Evocations


You had 6 spell levels left.
You knew the following spells:

 Your Spells              Type           Power        Failure   Level  Hunger
a - Blink                 Tloc           N/A          1%          2    ###....
b - Apportation           Tloc           ####......   1%          1    ##.....
c - Summon Butterflies    Summ           ####....     1%          1    ##.....
d - Portal Projectile     Tloc           ####..       3%          3    ####...
e - Passage of Golubria   Tloc           N/A          12%         4    #####..
f - Shroud of Golubria    Chrm/Tloc      ###.......   10%         2    ###....
g - Repel Missiles        Chrm/Air       ##....       17%         2    ###....
h - Call Imp              Summ           ####....     1%          2    ###....
i - Swiftness             Chrm/Air       ##......     17%         2    ###....


Dungeon Overview and Level Annotations

Branches:
Dungeon (15/15)            Temple (1/1) D:6            Lair (6/6) D:8
 Shoals (4/4) Lair:3        Snake (4/4) Lair:4        Slime (0/5) Lair:5
    Orc (2/2) D:11            Elf (3/3) Orc:2        Vaults (5/5) D:14
  Crypt (0/3) Vaults:2     Depths (2/5) D:15

Altars:
Ashenzari
Cheibriados
Dithmenos
Elyvilon
Fedhas
Gozag
Hepliaklqana
Kikubaaqudgha
Makhleb
Nemelex Xobeh
Okawaru
Pakellas
Qazlal
Ru
Sif Muna
Trog
Uskayaw
Vehumet
Xom
Yredelemnul
Zin
The Shining One
Beogh

Shops:
D:5 ?   D:7 [   D:11 *=   D:12 *   D:14 (   Orc:2 [((?   Elf:3 !   Shoals:2 [
Shoals:3 (   Snake:4 =   Vaults:3 [}=

Portals:
Hell: Depths:1
Pandemonium: Depths:1
Trove: Vaults:4 (give +2 ice dragon armour)

Annotations:
D:3 Robin
Lair:5 exclusion: 2 oklob plants
Elf:3 exclusion: orange crystal statue


Innate Abilities, Weirdness & Mutations

You have claws for hands.
You are completely covered in icy blue scales. (AC +4, EV -1, rC+)
A powerful demonic guardian rushes to your aid.
Your flesh is heat resistant. (rF+)
You regenerate a lot of health from kills.
You are immune to clouds of flame.


Message History

The spark wasp stings you but does no damage.
The spark wasp stings you but does no damage.
The great orb of eyes bites you but does no damage. x2
The spark wasp stings you. The spark wasp shocks you!
* * * LOW HITPOINT WARNING * * *
The rakshasa weaves an illusion.
The great orb of eyes shimmers and seems to become two!
The spark wasp stings you but does no damage.
The spark wasp stings you!
* * * LOW HITPOINT WARNING * * *
The spark wasp shocks you!
* * * LOW HITPOINT WARNING * * *
The spark wasp stings you but does no damage.
The great orb of eyes completely misses you.
The great orb of eyes bites you but does no damage.
The rakshasa hits you but does no damage.
The spark wasp stings you!
* * * LOW HITPOINT WARNING * * *
The spark wasp shocks you!
You die...

# ############### ..
#.............# ...
###.............# ....
................# .....
................##.>....
.......#####..2G@yR.....
.......# #...GGy......
≈####### #............
..... #............
...... #............
......# ####.###....#
......# #+# #####
......# ≈≈#####


You could see 3 great orbs of eyes, a rakshasa, 2 spark wasps and a friendly
balrug.

Vanquished Creatures
  Mara (Depths:1)
  A large abomination (Elf:3)
  2 golden dragons (Vaults:5)
  Jorgrun (Snake:3)
  3 liches
  Rupert (Lair:3)
  A Cloud Mage (WizLab)
  3 deep elf blademasters
  2 deep elf master archers (Elf:3)
  3 quicksilver dragons (Vaults:5)
  6 titans (Vaults:5)
  4 sphinxes
  Frances (D:13)
  Gastronok (D:8)
  3 shadow dragons
  8 tengu reavers
  The ghost of crawlian the Devastator, an adept DEFE of Vehumet (Depths:1)
  3 storm dragons (Vaults:5)
  Ilsuiw (Shoals:4)
  7 greater nagas
  Kirke (Lair:4)
  8 deep elf sorcerers
  5 fire giants
  8 vault wardens
  2 frost giants
  A ghost moth (shapeshifter) (Vaults:2)
  Aizul (Vaults:3)
  Wiglaf (Depths:1)
  2 deep elf elementalists (Elf:3)
  A war gargoyle (Vaults:2)
  5 ironheart preservers
  3 very ugly things
  19 stone giants
  Nessos (Lair:5)
  8 deep elf annihilators
  7 deep elf demonologists
  2 spark wasps
  5 merfolk javelineers
  A blizzard demon (IceCv)
  10 ettins
  Snorg (D:13)
  A crystal guardian (Vaults:3)
  15 merfolk impalers
  4 fire dragons
  A minotaur (Lab)
  5 deep elf death magi (Elf:3)
  11 yaktaur captains
  2 deep elf high priests (Elf:3)
  23 vault guards
  2 great orbs of eyes
  3 rakshasas
  10 naga warriors
  5 ice dragons
  4 hydras
  3 spriggan air magi (WizLab)
  7 ogre magi
  12 anacondas
  Erica (D:8)
  A death knight (Vaults:2)
  3 satyrs
  4 merfolk aquamancers (Shoals:4)
  A merfolk avatar (Shoals:4)
  2 deep troll shamans (Depths:1)
  10 centaur warriors
  28 dancing weapons
  A tengu warrior (Depths:1)
  12 naga sharpshooters
  4 orc high priests
  A deep troll earth mage (Depths:1)
  A spriggan berserker (Depths:1)
  6 shock serpents
  Nergalle (Orc:1)
  18 deep elf knights
  3 shadow wraiths
  6 sea snakes
  A fire crab (Vaults:3)
  An iron troll (Depths:1)
  6 giant orange brains
  A salamander mystic (Snake:4)
  5 skeletal warriors (Vaults:1)
  7 deep trolls
  2 unseen horrors
  A wizard (Vaults:3)
  A spatial maelstrom (Abyss:2)
  2 flayed ghosts (Vaults:5)
  18 harpies
  5 hill giants
  A kraken simulacrum (Shoals:4)
  7 naga ritualists
  Pikel (D:4)
  13 deep elf archers
  6 phantasmal warriors
  16 ironbrand convokers
  46 deep elf magi
  2 hornets
  11 mana vipers
  6 orc sorcerers
  2 necromancers
  12 orc knights
  32 ugly things
  7 salamanders
  14 griffons
  16 slime creatures
  14 manticores
  15 cyclopes
  9 fauns
  3 wolf spiders
  2 elephants (Lair:4)
  3 guardian serpents
  11 vault sentinels
  2 ice statues (IceCv)
  6 sirens
  45 black mambas
  23 naga magi
  4 water nymphs
  3 gargoyles
  17 spiny frogs
  8 freezing wraiths
  A kobold demonologist (Vaults:1)
  A hellion (Depths:1)
  3 komodo dragons
  33 yaktaurs
  7 rime drakes
  13 ice devils (IceCv)
  6 tengu conjurers
  An ancient zyme (Abyss:2)
  A red devil (Depths:1)
  A jumping spider (Vaults:3)
  A troll (shapeshifter) (Vaults:3)
  A merfolk (shapeshifter) (Elf:3)
  11 trolls
  3 jumping spiders (shapeshifter)
  36 merfolk
  15 two-headed ogres
  A two-headed ogre (shapeshifter) (Depths:1)
  A wolf spider simulacrum (D:14)
  3 blink frogs
  15 wind drakes
  4 boulder beetles
  5 snapping turtles
  A spriggan (shapeshifter) (Vaults:1)
  25 air elementals
  7 wraiths
  2 shadows
  13 wyverns
  24 yaks
  3 redbacks
  17 water elementals
  A vampire (D:14)
  5 fire elementals
  A hippogriff (shapeshifter) (Depths:1)
  A neqoxec (Abyss:2)
  3 hogs (Lair:4)
  8 basilisks
  22 humans
  8 hippogriffs
  A hungry ghost (D:10)
  11 wargs
  3 spatial vortices (Abyss:2)
  16 vampire mosquitoes
  6 mottled dragons
  35 nagas
  5 insubstantial wisps (WizLab)
  A swamp worm (shapeshifter) (Vaults:5)
  A soldier ant (D:12)
  26 water moccasins
  A porcupine (shapeshifter) (Vaults:5)
  5 porcupines
  4 small abominations
  3 ice beasts
  31 orc warriors
  5 sky beasts
  2 swamp drakes (Lair:6)
  A sky beast (shapeshifter) (Vaults:5)
  A necrophage (D:11)
  3 phantoms
  4 wasps
  3 eyes of draining
  38 ogres
  2 wolves
  23 centaurs
  17 crocodiles
  6 big kobolds
  14 giant frogs
  2 wyvern zombies
  4 earth elementals
  A scorpion (shapeshifter) (Abyss:2)
  3 wights (D:12)
  2 electric eels
  4 howler monkeys
  7 crimson imps
  2 centaur zombies
  6 jellies
  2 quasits (D:8)
  A wasp zombie (D:12)
  2 giant frog zombies
  Crazy Yiuf (D:2)
  5 centaur skeletons
  2 giant frog skeletons
  17 orc priests
  9 hounds
  21 orc wizards
  7 iguanas
  Natasha (thrice) (D:4)
  15 worker ants
  22 sheep
  12 mummies (Ossuary)
  2 hound skeletons
  A worker ant zombie (D:6)
  8 gnolls
  22 adders
  31 river rats
  3 shadow imps
  11 white imps
  5 ufetubi (IceCv)
  An adder skeleton (D:5)
  2 adder zombies (D:5)
  A worm (D:2)
  3 giant geckos
  83 orcs
  9 bats
  6 giant cockroaches
  3 goblins
  3 hobgoblins
  5 jackals
  6 quokkas
  4 ball pythons
  3 giant newts
  2 gnoll skeletons (Ossuary)
  2 goblin skeletons (Ossuary)
  A jackal skeleton (D:4)
  39 kobolds
  4 kobold skeletons (Ossuary)
  A quokka zombie (D:7)
  3 rats
  11 rat skeletons (Ossuary)
  A crawling corpse (Elf:3)
  A fungus (D:2)
  2 plants
  A tentacle (Shoals:4)
1765 creatures vanquished.

Vanquished Creatures (collateral kills)
  A lich (Vaults:5)
  A tentacled monstrosity (Vaults:5)
  A quicksilver dragon (Vaults:5)
  A sphinx (Vaults:4)
  A tengu reaver (Vaults:5)
  2 fire giants
  A deep elf sorcerer (Elf:3)
  2 vault wardens (Vaults:4)
  2 frost giants
  A war gargoyle (Vaults:2)
  2 very ugly things
  An ironheart preserver (Vaults:5)
  A stone giant (Vaults:2)
  2 spark wasps
  A merfolk impaler (Shoals:4)
  2 yaktaur captains
  A naga warrior (Snake:4)
  A hydra (Lair:1)
  6 vault guards
  A death knight (D:15)
  3 anacondas
  A satyr (Shoals:4)
  2 naga sharpshooters (Snake:4)
  A tengu warrior (D:14)
  A dancing weapon (Elf:3)
  2 shock serpents
  A deep elf knight (Elf:2)
  A sea snake (Shoals:4)
  A deep troll (Depths:1)
  An ironbrand convoker (Vaults:4)
  A deep elf archer (Vaults:5)
  2 orc knights
  A phantasmal warrior (D:15)
  3 harpies (Vaults:1)
  4 ugly things
  A wolf spider (Vaults:2)
  A griffon (Vaults:2)
  A deep elf mage (Elf:3)
  A salamander (Snake:2)
  2 manticores
  A toenail golem (Volcano)
  A cyclops (Vaults:2)
  A siren (Shoals:4)
  4 vault sentinels
  The ghost of kal9871 the Covered, a novice MiFi (D:7)
  4 black mambas
  A centaur skeleton (D:10)
  5 naga magi
  3 spiny frogs
  2 water nymphs (Shoals:4)
  A rime drake (Lair:4)
  A yaktaur (Vaults:4)
  An efreet (Volcano)
  A queen bee (shapeshifter) (Vaults:2)
  4 merfolk (Shoals:4)
  Prince Ribbit (D:6)
  A two-headed ogre (Vaults:3)
  2 blink frogs (Lair:6)
  2 snapping turtles (Shoals:4)
  Sigmund (D:2)
  2 water elementals (Shoals:4)
  A wyvern (shapeshifter) (Vaults:5)
  10 yaks
  A shadow (D:15)
  2 wyverns (Lair:4)
  2 hippogriffs
  A vampire mosquito (Vaults:3)
  2 basilisks (Lair:4)
  5 nagas
  A slave (D:4)
  An orc warrior (Orc:2)
  A centaur (D:13)
  A crocodile (Lair:2)
  2 giant frogs
  Blork the orc (D:6)
  A howler monkey (D:10)
  Jessica (D:2)
  A worker ant (Lair:6)
  3 sheep (Vaults:2)
  2 river rats (Lair:3)
  3 orcs
  A fungus (Lair:2)
  A plant (Lair:6)
146 creatures vanquished.

Vanquished Creatures (others)
  A greater naga (Snake:4)
  A deep elf elementalist (Vaults:5)
  A blizzard demon (IceCv)
  An anaconda (Snake:2)
  A merfolk avatar (Shoals:3)
  A naga sharpshooter (Snake:4)
  A deep elf knight (Elf:2)
  A human (Lair:4)
  An insubstantial wisp (WizLab)
  A water moccasin (Lair:4)
  A hell hound (Depths:1)
  A crocodile (Lair:6)
  An iguana (Lair:4)
  2 white imps (IceCv)
  An ufetubus (IceCv)
  A quokka (D:4)
  A kobold (D:8)
  A crawling corpse (Elf:3)
  2 fire vortices (Volcano)
  12 fungi (Lair:6)
  22 plants
  3 tentacles (Shoals:4)
  229 tentacle segments (Shoals:4)
287 creatures vanquished.

Grand Total: 2198 creatures vanquished

Notes
Turn   | Place    | Note
-------+----------+-------------------------------------------
     0 | D:1      | Ijustatesigmund the Demonspawn Gladiator began the quest for the Orb.
     0 | D:1      | Reached XP level 1. HP: 16/16 MP: 1/1
     8 | D:1      | Noticed a rime drake
     8 | D:1      | Noticed a water moccasin
     8 | D:1      | Noticed a wolf
   134 | D:1      | Gained mutation: A weak demonic guardian rushes to your aid. [demonic ancestry]
   134 | D:1      | Reached XP level 2. HP: 23/23 MP: 2/2
   447 | D:2      | Noticed Jessica
   449 | D:2      | Killed Jessica
   449 | D:2      | Gained mutation: You regenerate a little health from kills. [demonic ancestry]
   449 | D:2      | Reached XP level 3. HP: 29/29 MP: 3/3
   598 | D:2      | Noticed Sigmund
   609 | D:2      | Killed Sigmund
   609 | D:2      | Gained mutation: You are partially covered in icy blue scales. (AC +1) [demonic ancestry]
   609 | D:2      | Reached XP level 4. HP: 31/37 MP: 4/4
   609 | D:2      | Gained mutation: You have sharp fingernails. [demonic ancestry]
   609 | D:2      | Reached XP level 5. HP: 35/42 MP: 5/5
  1336 | D:2      | Found a runed door.
  1340 | D:2      | Noticed Crazy Yiuf
  1349 | D:2      | Killed Crazy Yiuf
  1495 | D:3      | Reached skill level 1 in Armour
  1549 | D:3      | Noticed Robin
  1568 | D:4      | Noticed Natasha
  1575 | D:4      | Killed Natasha
  1575 | D:4      | Gained mutation: You are mostly covered in icy blue scales. (AC +3, EV -1) [demonic ancestry]
  1575 | D:4      | Reached XP level 6. HP: 42/49 MP: 6/6
  1604 | D:4      | Noticed Natasha
  1618 | D:4      | Killed Natasha
  1646 | D:4      | Noticed a slave
  1647 | D:4      | Noticed a slave
  1691 | D:4      | Killed a slave
  1763 | D:4      | Noticed Natasha
  1778 | D:4      | Killed Natasha
  1787 | D:4      | Found a sand-covered staircase.
  1795 | Ossuary  | Entered an ossuary
  2429 | Ossuary  | HP: 2/49 [mummy (10)]
  3164 | Ossuary  | Reached skill level 5 in Long Blades
  3164 | Ossuary  | Reached XP level 7. HP: 53/55 MP: 7/7
  3231 | Ossuary  | Reached skill level 5 in Fighting
  3724 | D:4      | Noticed Pikel
  3742 | D:4      | Killed Pikel
  3742 | D:4      | Gained mutation: A demonic guardian rushes to your aid. [demonic ancestry]
  3742 | D:4      | Reached XP level 8. HP: 64/64 MP: 8/8
  3861 | D:5      | Entered Level 5 of the Dungeon
  4583 | D:5      | Found Jiruk's Magic Scroll Shop.
  4590 | D:5      | Bought a scroll of teleportation for 36 gold pieces
  4631 | D:5      | Bought a scroll of identify for 24 gold pieces
  4806 | D:6      | Noticed Blork the orc
  4808 | D:6      | Found a staircase to the Ecumenical Temple.
  4810 | D:6      | Noticed Prince Ribbit
  4812 | D:6      | Killed Blork the orc
  4815 | D:6      | Killed Prince Ribbit
  4815 | D:6      | Reached XP level 9. HP: 69/72 MP: 9/9
  4826 | Temple   | Entered the Ecumenical Temple
  5040 | Temple   | Became a worshipper of Warmaster Okawaru
  5143 | D:6      | Reached skill level 1 in Invocations
  5220 | D:6      | Reached skill level 2 in Invocations
  5498 | D:6      | Got a brightly glowing ring mail
  5509 | D:6      | Identified the +1 ring mail of the Ward {Dex+4} (You found it on level 6 of the Dungeon)
  5562 | D:7      | Noticed kal9871's ghost (novice MiFi)
  5569 | D:7      | Killed kal9871's ghost
  5627 | D:7      | Reached skill level 3 in Invocations
  5751 | D:7      | Reached * piety under Okawaru
  5760 | D:7      | Reached skill level 4 in Invocations
  5846 | D:7      | Found a shattered altar of Ashenzari.
  5846 | D:7      | Found a glowing golden altar of the Shining One.
  5849 | D:7      | Found a shadowy altar of Dithmenos.
  6171 | D:7      | Found a burning altar of Makhleb.
  6286 | D:7      | Found Qeku Pimm's Armour Emporium.
  6449 | D:8      | Reached skill level 5 in Invocations
  6484 | D:8      | Noticed Erica
  6503 | D:8      | Killed Erica
  6503 | D:8      | Reached ** piety under Okawaru
  6503 | D:8      | Gained mutation: You have very sharp fingernails. [demonic ancestry]
  6503 | D:8      | Reached XP level 10. HP: 32/82 MP: 12/14
  6654 | D:8      | Reached skill level 6 in Invocations
  7078 | D:8      | Noticed Gastronok
  7085 | D:8      | Found a staircase to the Lair.
  7094 | D:8      | Killed Gastronok
  7094 | D:8      | Reached *** piety under Okawaru
  7094 | D:8      | Reached **** piety under Okawaru
  7094 | D:8      | Reached skill level 7 in Invocations
  7739 | D:9      | Reached skill level 10 in Long Blades
  7739 | D:9      | Reached skill level 8 in Invocations
  7967 | D:10     | Entered Level 10 of the Dungeon
  7974 | D:10     | Found a sparkling altar of Nemelex Xobeh.
  8068 | D:10     | Reached ***** piety under Okawaru
  8083 | D:10     | Reached XP level 11. HP: 87/90 MP: 17/17
  8207 | D:10     | Reached skill level 10 in Fighting
  8219 | D:10     | Received a gift from Okawaru
  8449 | D:10     | Reached skill level 9 in Invocations
  8802 | Lair:1   | Entered Level 1 of the Lair of Beasts
  9309 | Lair:1   | Noticed an eight-headed hydra
  9312 | Lair:1   | Killed an eight-headed hydra
  9312 | Lair:1   | Received a gift from Okawaru
  9362 | Lair:1   | Noticed a seven-headed hydra
  9370 | Lair:1   | Killed a two-headed hydra
  9955 | Lair:2   | Reached skill level 10 in Invocations
 10004 | Lair:2   | Received a gift from Okawaru
 10007 | Lair:2   | Got a blackened demon trident {god gift}
 10524 | Lair:3   | Gained mutation: You regenerate health from kills. [demonic ancestry]
 10524 | Lair:3   | Reached XP level 12. HP: 99/99 MP: 19/19
 10683 | Lair:3   | Found a staircase to the Shoals.
 10820 | Lair:3   | Noticed Rupert
 10831 | Lair:3   | Killed Rupert
 10917 | Lair:3   | Reached ****** piety under Okawaru
 11373 | Lair:3   | Received a gift from Okawaru
 11439 | Lair:4   | Noticed Kirke
 11465 | Lair:4   | Killed Kirke
 11465 | Lair:4   | Reached skill level 11 in Invocations
 11487 | Lair:4   | Received a gift from Okawaru
 11659 | Lair:4   | Found a dark tunnel.
 11680 | Volcano  | Entered a volcano
 11778 | Volcano  | Reached skill level 5 in Armour
 11922 | Lair:4   | Noticed a seven-headed hydra
 11929 | Lair:4   | Killed a three-headed hydra
 11999 | Lair:4   | Reached XP level 13. HP: 95/106 MP: 21/21
 12146 | Lair:4   | Found a staircase to the Snake Pit.
 12400 | Lair:4   | Received a gift from Okawaru
 12403 | Lair:4   | Got an encrusted double sword {god gift}
 12407 | Lair:4   | Identified the +3 double sword "Qauk" {speed, rPois rF- rN+} (Okawaru gifted it to you on level 4 of the Lair of Beasts)
 12759 | Snake:1  | Entered Level 1 of the Snake Pit
 12960 | Snake:1  | Received a gift from Okawaru
 13277 | Lair:5   | Noticed Nessos
 13291 | Lair:5   | Killed Nessos
 13513 | Lair:5   | Found a staircase to the Slime Pits.
 13559 | Lair:6   | Entered Level 6 of the Lair of Beasts
 13589 | Lair:6   | Identified a scroll of acquirement
 13971 | Lair:6   | Upgraded the game from 0.19-a0-854-gc78d25d to 0.19-a0-944-gb338e1e
 13997 | Lair:6   | Reached skill level 5 in Shields
 14142 | Lair:6   | Reached skill level 5 in Dodging
 14232 | Lair:6   | Received a gift from Okawaru
 14332 | Lair:6   | Noticed a fire dragon
 14370 | Lair:6   | Received a gift from Okawaru
 14384 | Lair:6   | Got a warped long sword {god gift}
 14401 | Lair:6   | Gained mutation: Your flesh is heat resistant. (rF+) [demonic ancestry]
 14401 | Lair:6   | Reached XP level 14. HP: 104/113 MP: 22/22
 14402 | Lair:6   | Identified the +3 long sword of Modesty {slice, Int+7 Dex+4} (Okawaru gifted it to you on level 6 of the Lair of Beasts)
 16032 | Snake:1  | Received a gift from Okawaru
 16035 | Snake:1  | Got an ancient shield {god gift}
 16046 | Snake:1  | Identified the +2 shield "Raraedgh" {*Drain rPois Dex+4} (Okawaru gifted it to you on level 1 of the Snake Pit)
 16217 | Snake:2  | Reached skill level 1 in Evocations
 16399 | Snake:2  | Reached skill level 5 in Throwing
 16749 | Snake:2  | Identified the Disquisition on Lethal Ignition
 17066 | Snake:2  | Noticed a greater naga
 17075 | Snake:2  | Killed a greater naga
 17131 | Snake:2  | Found a runed gate.
 17131 | Snake:2  | Found a runed gate.
 17131 | Snake:2  | Found a runed gate.
 17138 | Snake:2  | Received a gift from Okawaru
 17138 | Snake:2  | Reached skill level 12 in Invocations
 17208 | Snake:2  | Reached XP level 15. HP: 112/120 MP: 19/24
 17407 | Snake:3  | Reached skill level 13 in Invocations
 17478 | Snake:3  | Noticed Jorgrun
 17497 | Snake:3  | Killed Jorgrun
 17515 | Snake:3  | Noticed a greater naga
 17523 | Snake:3  | Received a gift from Okawaru
 17536 | Snake:3  | Killed a greater naga
 17544 | Snake:3  | Got a shimmering shortbow {god gift}
 17698 | Snake:3  | Reached skill level 14 in Invocations
 17747 | Snake:3  | Identified the +2 shortbow "Amidwofu" {velocity, rF+} (Okawaru gifted it to you on level 3 of the Snake Pit)
 17856 | Snake:4  | Entered Level 4 of the Snake Pit
 17856 | Snake:4  | Noticed a greater naga
 17860 | Snake:4  | Reached skill level 1 in Summonings
 17864 | Snake:4  | Killed a greater naga
 17864 | Snake:4  | Received a gift from Okawaru
 18026 | Snake:4  | Received a gift from Okawaru
 18045 | Snake:4  | Noticed a greater naga
 18052 | Snake:4  | Reached skill level 5 in Summonings
 18053 | Snake:4  | Noticed a greater naga
 18053 | Snake:4  | Noticed a greater naga
 18169 | Snake:4  | Found Ycycux's Jewellery Shoppe.
 18292 | Snake:4  | Got a faintly glowing chain mail
 18298 | Snake:4  | Identified the +8 chain mail "Tiqysh" {Dex+3} (You found it on level 4 of the Snake Pit)
 18427 | Snake:4  | Received a gift from Okawaru
 18686 | Snake:4  | Noticed a greater naga
 18688 | Snake:4  | Noticed a greater naga
 18691 | Snake:4  | Got a serpentine rune of Zot
 18711 | Snake:4  | Killed a greater naga
 18727 | Snake:4  | Killed a greater naga
 18744 | Snake:4  | Killed a greater naga
 19072 | Snake:4  | Killed a greater naga
 19072 | Snake:4  | Gained mutation: You regenerate a lot of health from kills. [demonic ancestry]
 19072 | Snake:4  | Reached XP level 16. HP: 92/130 MP: 19/26
 19100 | Snake:4  | Received a gift from Okawaru
 19649 | Lair:1   | Gained mutation: Armour fits poorly on your strangely shaped body. [potion of mutation]
 19649 | Lair:1   | Gained mutation: You evolve. [potion of mutation]
 19650 | Lair:1   | Lost mutation: You evolve. [potion of mutation]
 19650 | Lair:1   | Gained mutation: Your body sometimes deteriorates upon taking damage. [potion of mutation]
 19651 | Lair:1   | Lost mutation: Armour fits poorly on your strangely shaped body. [potion of cure mutation]
 19651 | Lair:1   | Lost mutation: Your body sometimes deteriorates upon taking damage. [potion of cure mutation]
 19819 | D:11     | Found a staircase to the Orcish Mines.
 19855 | D:11     | Found Joat's Jewellery Boutique.
 19879 | D:11     | Found Budust's General Store.
 19896 | D:11     | Bought a book of Spatial Translocations for 975 gold pieces
 19896 | D:11     | Bought a potion of berserk rage for 75 gold pieces
 19899 | D:11     | Learned a level 2 spell: Blink
 19901 | D:11     | Learned a level 1 spell: Apportation
 20139 | D:11     | Reached skill level 1 in Translocations
 20500 | D:12     | Found Usesuog's Elemental Accessories.
 21073 | D:13     | Found a white marble altar of Elyvilon.
 21088 | D:13     | Noticed Snorg
 21096 | D:13     | Killed Snorg
 21164 | D:13     | Received a gift from Okawaru
 21426 | D:13     | Noticed Frances
 21439 | D:13     | Killed Frances
 21805 | D:14     | Reached skill level 1 in Spellcasting
 21857 | D:14     | Found Kedeva's Antique Weapon Shop.
 21888 | D:14     | Reached skill level 5 in Translocations
 21968 | D:14     | Found a labyrinth entrance.
 21971 | Lab      | Entered a labyrinth
 22299 | Lab      | Identified the Handbook of the Toxic Entourage (You found it in a labyrinth)
 22302 | Lab      | Learned a level 1 spell: Summon Butterflies
 22306 | Lab      | Learned a level 3 spell: Portal Projectile
 22311 | Lab      | Learned a level 4 spell: Passage of Golubria
 22314 | Lab      | Got a crude ring mail
 22326 | Lab      | Identified the +4 ring mail of Gallantry {SInv} (You found it in a labyrinth)
 22705 | D:14     | Reached skill level 10 in Armour
 22740 | D:14     | Received a gift from Okawaru
 22752 | D:14     | Got a spiked chain mail {god gift}
 22763 | D:14     | Identified the +3 chain mail of the Hall of Blades {MR++ Slay-6 Stlth+} (Okawaru gifted it to you on level 14 of the Dungeon)
 22827 | D:14     | Found a gate to the Vaults.
 23152 | D:15     | Entered Level 15 of the Dungeon
 23159 | D:15     | Reached skill level 10 in Summonings
 23527 | D:15     | Found a staircase to the Depths.
 23535 | Depths:1 | Entered Level 1 of the Depths
 23627 | Depths:1 | Found a one-way gate leading to the halls of Pandemonium.
 23773 | D:15     | Gained mutation: You have claws for hands. [demonic ancestry]
 23773 | D:15     | Reached XP level 17. HP: 133/136 MP: 27/27
 23982 | Vaults:1 | Entered Level 1 of the Vaults
 24721 | Vaults:1 | Received a gift from Okawaru
 25246 | Vaults:1 | Received a gift from Okawaru
 25603 | Vaults:1 | Reached skill level 10 in Shields
 25703 | Vaults:2 | Received a gift from Okawaru
 26062 | Vaults:2 | Received a gift from Okawaru
 26404 | Vaults:2 | Found a staircase to the Crypt.
 26461 | Vaults:2 | Noticed a lich
 26463 | Vaults:2 | Noticed a lich
 26464 | Vaults:2 | Paralysed by a great orb of eyes for 5 turns
 26467 | Vaults:2 | Noticed a Tzitzimitl
 26480 | Vaults:2 | Paralysed by a great orb of eyes for 4 turns
 26747 | Vaults:2 | Noticed a Tzitzimitl
 26751 | Vaults:2 | Reached XP level 18. HP: 62/143 MP: 26/28
 26991 | Vaults:2 | Killed a lich
 26991 | Vaults:2 | Received a gift from Okawaru
 27165 | Vaults:2 | Killed a lich
 27165 | Vaults:2 | Reached skill level 10 in Translocations
 27678 | Vaults:2 | Received a gift from Okawaru
 27780 | Vaults:3 | Noticed Aizul
 27803 | Vaults:3 | Killed Aizul
 27850 | Vaults:3 | Found Yjuuqoul's Jewellery Shoppe.
 27984 | Vaults:3 | Received a gift from Okawaru
 28419 | Vaults:3 | Reached skill level 10 in Dodging
 28454 | Vaults:3 | Found Yqif's Armour Shoppe.
 28587 | Vaults:3 | Found Qeogoam's Gadget Shop.
 29289 | Vaults:4 | Received a gift from Okawaru
 29684 | Vaults:4 | Gained mutation: A powerful demonic guardian rushes to your aid. [demonic ancestry]
 29684 | Vaults:4 | Reached XP level 19. HP: 149/149 MP: 26/29
 29820 | Vaults:4 | Reached skill level 1 in Stealth
 30071 | Vaults:4 | Found a portal to a secret trove of treasure.
 30803 | Shoals:1 | Entered Level 1 of the Shoals
 31332 | Shoals:1 | Received a gift from Okawaru
 31413 | Shoals:2 | Found a frozen archway.
 31429 | IceCv    | Entered an ice cave
 31521 | IceCv    | Reached skill level 15 in Invocations
 32200 | Shoals:2 | Found Unac's Antique Armour Emporium.
 32238 | Shoals:2 | Bought a bloodstained scale mail for 270 gold pieces
 32253 | Shoals:2 | Identified the +3 scale mail "Falosoesu" {rPois rC+ Int-5 Dex+9} (You bought it in a shop on level 2 of the Shoals)
 33234 | Shoals:3 | Found Dyshruce's Antique Weapon Emporium.
 33283 | Shoals:3 | Got a pitted golden ring
 33285 | Shoals:3 | Identified the ring "Rocwaxiz" {Wiz rC+ rN+ Dex-3} (You found it on level 3 of the Shoals)
 33433 | Shoals:3 | Reached skill level 16 in Invocations
 33532 | Shoals:4 | Entered Level 4 of the Shoals
 33615 | Shoals:4 | Reached skill level 15 in Long Blades
 33667 | Shoals:4 | Received a gift from Okawaru
 34058 | Shoals:4 | Reached XP level 20. HP: 150/157 MP: 32/32
 34294 | Shoals:4 | Got a barnacled rune of Zot
 34360 | Shoals:4 | Received a gift from Okawaru
 34363 | Shoals:4 | Got a pitted hat {god gift}
 34376 | Shoals:4 | Identified the +0 hat of Atheism {*Contam rElec rPois rN+} (Okawaru gifted it to you on level 4 of the Shoals)
 34673 | Shoals:4 | Noticed Ilsuiw
 34763 | Shoals:4 | Killed Ilsuiw
 34959 | Lair:1   | Upgraded the game from 0.19-a0-944-gb338e1e to 0.19-a0-957-gf4ea323
 34963 | Lair:1   | Learned a level 2 spell: Shroud of Golubria
 35056 | Orc:1    | Entered Level 1 of the Orcish Mines
 35141 | Orc:1    | Noticed Nergalle
 35181 | Orc:1    | Reached skill level 1 in Charms
 35195 | Orc:1    | Killed Nergalle
 35518 | Orc:2    | Entered Level 2 of the Orcish Mines
 35875 | Orc:2    | Found a staircase to the Elven Halls.
 35895 | Orc:2    | Found a roughly hewn altar of Beogh.
 36235 | Orc:2    | Found Iney's Antique Weapon Emporium.
 36235 | Orc:2    | Found Disaf's Armour Boutique.
 36243 | Orc:2    | Found Ozooggeon's Magic Scroll Emporium.
 36243 | Orc:2    | Found Kuozykam's Weapon Boutique.
 36268 | Orc:2    | Bought the +7 Kryia's mail coat {DeviceHeal*2 rC+} for 530 gold pieces
 36271 | Orc:2    | Bought a scroll of enchant weapon for 97 gold pieces
 36271 | Orc:2    | Bought a scroll of recharging for 123 gold pieces
 36271 | Orc:2    | Bought a scroll of identify for 26 gold pieces
 36271 | Orc:2    | Bought a scroll of identify for 26 gold pieces
 36271 | Orc:2    | Bought a scroll of enchant weapon for 97 gold pieces
 36271 | Orc:2    | Bought a scroll of recharging for 123 gold pieces
 36271 | Orc:2    | Bought a scroll of identify for 26 gold pieces
 36271 | Orc:2    | Bought a scroll of identify for 26 gold pieces
 36271 | Orc:2    | Bought a scroll of identify for 26 gold pieces
 36339 | Elf:1    | Entered Level 1 of the Elven Halls
 36464 | Elf:1    | Found a magical portal.
 36484 | WizLab   | Entered The Chambers of the Cloud Mage
 37027 | WizLab   | Reached skill level 5 in Evocations
 37086 | WizLab   | Identified the Handbook of Weightlessness (You found it in a wizard's laboratory)
 37090 | WizLab   | Learned a level 2 spell: Repel Missiles
 37095 | WizLab   | Identified the Collected Works on Weightlessness
 37707 | Elf:1    | Reached skill level 5 in Stealth
 38405 | Elf:2    | Found a runed gate.
 38405 | Elf:2    | Found a runed gate.
 38405 | Elf:2    | Found a runed gate.
 38504 | Elf:2    | Reached skill level 1 in Air Magic
 38593 | Elf:2    | Received a gift from Okawaru
 38961 | Elf:2    | Received a gift from Okawaru
 39023 | Elf:3    | Entered Level 3 of the Elven Halls
 39023 | Elf:3    | Found Ynant's Distillery.
 39042 | Elf:3    | Bought a potion of cure mutation for 350 gold pieces
 39042 | Elf:3    | Bought a potion of cure mutation for 350 gold pieces
 39352 | Elf:3    | Gained mutation: You are completely covered in icy blue scales. (AC +4, EV -1, rC+) [demonic ancestry]
 39352 | Elf:3    | Reached XP level 21. HP: 166/166 MP: 33/33
 39940 | Elf:3    | Cast into level 2 of the Abyss (a deep elf sorcerer)
 39989 | Abyss:2  | Gained mutation: Your body sometimes deteriorates upon taking damage. [a neqoxec]
 40196 | Elf:3    | Escaped the Abyss
 40207 | Elf:3    | Reached skill level 5 in Air Magic
 40254 | Elf:3    | Received a gift from Okawaru
 40373 | Elf:3    | Received a gift from Okawaru
 40570 | Elf:3    | Identified the +10 scimitar "Riphenik" {slice, Int+3} (Okawaru gifted it to you on level 3 of the Elven Halls)
 40572 | Elf:3    | Identified the ring "Sij Fug" {+Inv rC- rN+ MP+9} (You took it off a deep elf sorcerer on level 3 of the Elven Halls)
 40582 | Elf:3    | Identified the ring "Nihu Xir" {Ice Int+3 Slay+2 Stlth+} (You took it off a deep elf annihilator on level 3 of the Elven Halls)
 40717 | Elf:3    | Identified the Handbook of Lucky Transformation
 40754 | Elf:3    | Identified Ijustatesigmund's Compendium of Destructive Malediction (You acquired it on level 3 of the Elven Halls)
 40757 | Elf:3    | Got a colourful robe
 40758 | Elf:3    | Identified the cursed +1 robe of Danuacve {*Corrode rElec rPois Int+7} (You found it on level 3 of the Elven Halls)
 40802 | Elf:3    | Learned a level 2 spell: Call Imp
 40862 | Elf:3    | Identified the amulet of the Dolphin {Inacc rF+++ rN++ Int-2} (You found it on level 3 of the Elven Halls)
 41585 | Vaults:4 | Lost mutation: Your body sometimes deteriorates upon taking damage. [potion of cure mutation]
 41622 | Vaults:5 | Entered Level 5 of the Vaults
 41629 | Vaults:5 | Noticed a golden dragon
 41650 | Vaults:5 | Noticed a golden dragon
 41662 | Vaults:5 | Received a gift from Okawaru
 41678 | Vaults:5 | Killed a golden dragon
 41678 | Vaults:5 | Received a gift from Okawaru
 41678 | Vaults:5 | Reached skill level 15 in Fighting
 41974 | Vaults:5 | Reached skill level 17 in Invocations
 42042 | Vaults:5 | Received a gift from Okawaru
 42098 | Vaults:5 | Received a gift from Okawaru
 42167 | Vaults:5 | Gained mutation: You are immune to clouds of flame. [demonic ancestry]
 42167 | Vaults:5 | Reached XP level 22. HP: 136/178 MP: 34/34
 42185 | Vaults:5 | Reached skill level 18 in Invocations
 42266 | Vaults:5 | Received a gift from Okawaru
 42336 | Vaults:5 | Received a gift from Okawaru
 42389 | Vaults:5 | Reached skill level 19 in Invocations
 42396 | Vaults:5 | Killed a golden dragon
 42833 | Vaults:5 | Got a silver rune of Zot
 43144 | Vaults:5 | Identified Redet's Compendium of Scorching Orientation
 43154 | Vaults:5 | Got a slimy silver ring
 43155 | Vaults:5 | Identified the ring "Luexinenn" {Fire MR+} (You found it on level 5 of the Vaults)
 43311 | Vaults:5 | Reached skill level 20 in Invocations
 43353 | Vaults:5 | Learned a level 2 spell: Swiftness
 43917 | Depths:1 | Noticed Mara
 43924 | Depths:1 | Noticed Ijustatesigmund's illusion
 43961 | Depths:1 | Killed Mara
 43961 | Depths:1 | Received a gift from Okawaru
 44083 | Depths:1 | Noticed crawlian's ghost (adept DEFE)
 44134 | Depths:1 | Killed crawlian's ghost
 44314 | Depths:1 | Received a gift from Okawaru
 44528 | Depths:1 | Got a transparent chain mail
 44529 | Depths:1 | Identified the +4 chain mail "Qonoa" {Str+4} (You found it on level 1 of the Depths)
 44533 | Depths:1 | Got an ichor-stained shield
 44534 | Depths:1 | Identified the +2 shield of the Vaults {rF+} (You found it on level 1 of the Depths)
 44665 | Depths:1 | Reached skill level 21 in Invocations
 44710 | Depths:1 | Noticed Wiglaf
 44739 | Depths:1 | Killed Wiglaf
 44854 | Depths:1 | Found a gateway to Hell.
 45144 | Depths:2 | Paralysed by a great orb of eyes for 6 turns
 45147 | Depths:2 | HP: 9/185 [spark wasp (17)]
 45147 | Depths:2 | Mangled by a spark wasp

Vault maps used:
D:1:      onia_arrival_zoo_common, st_stairs_1
D:2:      uniq_jessica, uniq_crazy_yiuf_cottage, uniq_sigmund
D:3:      uniq_grinder, uniq_robin
D:4:      first_bread, nicolae_ossuary_entry_plus, uniq_pikel, uniq_natasha
D:5:      serial_shops, nicolae_shop_window_shopping
D:6:      corner_web_ring, small_statue_intersection, uniq_prince_ribbit1,
          uniq_blork_the_orc
D:7:      kennysheep_mini, gammafunk_temple_overflow_forgotten, serial_shops,
          shop
D:8:      david_lair_shrubbed, grunt_pizzeria, uniq_erica, uniq_gastronok
D:10:     grunt_decor_mini_mirrors, nemelex_xobeh_ov_fountains_minmay
D:11:     minmay_orc_entry_guard_dogs, serial_shops, shop, shop
D:12:     nicolae_elemental_shop
D:13:     basic_altar, uniq_snorg, uniq_frances
D:14:     grunt_vaults_entry_tiered, serial_shops, nicolae_shop_waterfront,
          lab_entry_generic, fungi_pond_lemuel
D:15:     grunt_enter_depths_snipers, serial_park_tiny_pond, grunt_ministairs_3
Temple:   eino_narrow_crystal_temple
Lair:1:   grunt_megastairs_1, serial_bayou_shore_a
Lair:2:   grunt_megastairs_3, bh_autumn_forest_stairs
Lair:3:   minmay_shoals_entry_centaurs, hibernation_bobbens, lemuel_fruit_tree,
          uniq_rupert
Lair:4:   minmay_snake_entry_six_corridors, nicolae_volcano_entry_s_turn,
          special_room, beast_lair_carwin_3, uniq_kirke
Lair:5:   minmay_slime_entry_oklob_open, uniq_nessos
Lair:6:   hangedman_lair_tendril_chambers, guppyfry_lair_end_dragon,
          grunt_megastairs_2
Shoals:1: centaur_isle
Shoals:2: portal_ice_cave_entry_pillars_three, serial_shops, shop_fountains
Shoals:3: serial_shops, nicolae_shop_stone
Shoals:4: shoals_end_grunt_ice, shoals_ilsuiw_alternative
Snake:2:  nicolae_snake_horde_hoard
Snake:3:  uniq_jorgrun
Snake:4:  snake_pit, serial_shops, shop, grunt_ministairs_7
Orc:1:    uniq_nergalle
Orc:2:    grunt_orc_tribal_feast, basic_altar
Elf:1:    infiniplex_enter_wizlab_glasses, hangedman_corner_corridor,
          nicolae_elf_glass_and_crystal_pillar_2
Elf:3:    elf_hall, serial_shops, shop, nrook_mini_backslash, minivault_15
Vaults:1: nicolae_vaults_fighting_squares, v_misc_14, nicolae_vaults_little_ls,
          vaults_room_stairs_pillars, vaults_room_door_hall, v_alt_pattern_6,
          v_misc_3, vaults_dpeg_encased_lava, nicolae_vaults_network_s
Vaults:2: grunt_vaults_hallway_short, v_rooms_6, grunt_vaults_diagonal,
          minmay_crypt_entry_simple_round, vaults_room_fancy_cross, v_rooms_5,
          v_rooms_4, hangedman_vaults_stitches, ontoclasm_vaults_shuriken,
          nicolae_vaults_big_angled_halls, vaults_room_pool,
          minmay_guarded_unrand_secular_launcher, nicolae_vaults_specimen_jars,
          dpeg_vaults_monster_box
Vaults:3: nicolae_vaults_hallways_thing, serial_ice_h, v_rooms_2,
          hangedman_vaults_restitches, v_misc_32, vaults_standard_mumra_x,
          vaults_dpeg_diagonal, nicolae_vaults_angled_halls,
          hangedman_vaults_slice, serial_shops, shop, shop, shop, uniq_aizul
Vaults:4: st_more_cells, hangedman_vaults_snaps, vaults_room_stairs_pillars,
          vaults_room_door_hall, nicolae_vaults_alarming,
          nicolae_vaults_network_barrier, v_misc_28, ontoclasm_vaults_idyll,
          nicolae_vaults_little_squares_6, vaults_room_door_hall, enter_trove_0
Depths:1: kennysheep_water_balloons, fountainhead, pan_entry, hellmouth_1,
          lemuel_old_faithful, grunt_megastairs_4, uniq_wiglaf, uniq_mara
Depths:2: minmay_heptahexagon, kennysheep_decorative_pillar, hell_entry,
          serial_shops, bzr_entry_dummy, infiniplex_staircase_diamond,
          uniq_bai_suzhen
Lab:      labyrinth_spiral, nicolae_lab_starburst, labyrinth_fake_exit,
          nicolae_lab_t_cross, nicolae_lab_big_swirl, nicolae_lab_dead_end,
          nicolae_lab_do_over
Ossuary:  ossuary_due_small_catacomb
IceCv:    ice_cave_small_demon
Volcano:  volcano_caves
WizLab:   wizlab_cloud

Skill      XL: |  1  2  3  4  5  6  7  8  9 10 11 12 13 14 15 16 17 18 19 20 21 22 |
---------------+-------------------------------------------------------------------+-----
Long Blades    | 3 4 5 6 8 10 11 12 14 15 16 17 18 | 18.7
Fighting       | 3 4 6 7 8 9 10 11 13 14 16 18 | 18.5
Armour         | 1 2 3 7 8 9 10 12 13 | 13.2
Dodging        | 3 5 7 8 9 11 | 11.6
Shields        | 2 4 6 8 9 10 12 | 12.0
Invocations    | 5 8 10 11 12 14 16 17 21 | 21.2
Throwing       | 2 5 7 8 |  8.5
Evocations     | 3 4 6 |  6.2
Summonings     | 7 10 | 10.3
Translocations | 6 9 10 | 10.4
Spellcasting   | 2 |  2.4
Stealth        | 3 5 |  5.1
Charms         | 4 |  4.1
Air Magic      | 3 6 |  6.0

Action                   |  1- 3 |  4- 6 |  7- 9 | 10-12 | 13-15 | 16-18 | 19-21 | 22-24 || total
-------------------------+-------+-------+-------+-------+-------+-------+-------+-------++-------
Melee: Long sword        |    49 |   283 |   376 |     8 |       |       |       |       ||   716
       Scimitar          |       |       |       |   799 |    92 |    17 |   522 |   896 ||  2326
       Demon blade       |       |       |       |       |  1304 |  1988 |   274 |       ||  3566
       Double sword      |       |       |       |       |    97 |       |  2337 |       ||  2434
Throw: Throwing net      |       |       |     2 |     1 |       |       |       |       ||     3
       Javelin           |       |       |       |       |       |       |    10 |     2 ||    12
 Cast: Blink             |       |       |       |       |       |       |     3 |     1 ||     4
       Summon Butterflie |       |       |       |       |       |       |     1 |       ||     1
       Shroud of Golubri |       |       |       |       |       |       |     2 |       ||     2
       Repel Missiles    |       |       |       |       |       |       |     5 |     2 ||     7
       Apportation       |       |       |       |       |       |       |     3 |     1 ||     4
Invok: Heroism           |       |       |       |     6 |     8 |     8 |    13 |     5 ||    40
       Finesse           |       |       |       |     1 |     5 |     3 |     7 |     2 ||    18
Evoke: Wand              |       |       |       |     1 |     4 |     2 |    15 |     5 ||    27
       Phantom mirror    |       |       |       |       |       |       |       |     2 ||     2
  Use: Scroll            |     5 |    12 |     7 |    12 |    23 |    12 |    30 |    10 ||   111
       Potion            |       |       |       |     2 |     4 |     6 |    16 |     9 ||    37
 Stab: Held in net/web   |       |       |     1 |       |       |       |       |       ||     1
       Sleeping          |       |       |     1 |       |       |       |     4 |     2 ||     7
       Distracted        |       |       |       |     5 |     8 |    10 |     5 |     1 ||    29
       Petrifying        |       |       |       |       |       |       |     2 |       ||     2
       Petrified         |       |       |       |       |       |       |     2 |       ||     2
       Confused          |       |       |       |       |       |       |     1 |       ||     1
       Paralysed         |       |       |       |       |       |       |     1 |       ||     1
       Invisible         |       |       |       |       |       |       |     2 |       ||     2
  Eat: Chunk             |       |     3 |     8 |    12 |    10 |    16 |     8 |     4 ||    61
       Royal jelly       |       |     2 |       |       |       |       |     1 |       ||     3
       Beef jerky        |       |     1 |     1 |     2 |     2 |     2 |     2 |       ||    10
       Fruit             |       |       |       |     4 |     5 |     7 |     4 |       ||    20
       Pizza             |       |       |       |       |     5 |     7 |     1 |     1 ||    14
       Bread ration      |       |       |       |       |       |     1 |     3 |       ||     4
       Meat ration       |       |       |       |       |       |       |     4 |     1 ||     5
Armor: Leather armour    |    12 |    67 |    56 |       |       |       |       |       ||   135
       Ring mail         |       |       |    57 |   171 |    27 |       |       |       ||   255
       Plate armour      |       |       |       |    72 |   417 |       |       |       ||   489
       Chain mail        |       |       |       |       |    59 |   599 |   453 |       ||  1111
       Scale mail        |       |       |       |       |       |       |   288 |   208 ||   496
Dodge: Dodged            |    26 |   104 |   172 |   326 |   372 |   537 |   954 |   302 ||  2793
       Deflected         |       |       |       |       |       |       |     9 |     5 ||    14
Block: Buckler           |       |       |    90 |   187 |   161 |       |       |       ||   438
       Shield            |       |       |       |       |   422 |  1008 |  1541 |   431 ||  3402
